 Dungeon Crawl Stone Soup version 0.29-a0-722-g64f5989226 (webtiles) character file.

Game seed: 8816546086206057746

724 PentaManta the Basher (level 7, 0/41 HPs)
             Began as a Gargoyle Berserker on June 28, 2022.
             Was a Believer of Trog.
             Slain by a gnoll
             ... wielding a +0 spear
             ... led by a gnoll shaman
              (5 damage)
             ... on level 6 of the Dungeon.
             The game lasted 00:05:33 (5706 turns).

PentaManta the Basher (Gargoyle Berserker)          Turns: 5706, Time: 00:05:34

Health: 0/41       AC: 10    Str: 23    XL:     7   Next: 71%
Magic:  7/7        EV: 11    Int:  7    God:    Trog [**....]
Gold:   206        SH:  0    Dex:  9    Spells: 6/6 levels left

rFire   . . .      SeeInvis .   v - +1 flail
rCold   . . .      Faith    .   (no shield)
rNeg    + . .      Spirit   .   r - +0 ring mail
rPois   ∞          Reflect  .   (no helmet)
rElec   +          Harm     .   (no cloak)
rCorr   .          Rampage  .   (no gloves)
Will    .....                   (no boots)
Stlth   ..........              (no amulet)
HPRegen 0.13/turn               (no ring)
MPRegen 0.10/turn               (no ring)

@: on berserk cooldown, slowed, very slow
A: sickness immunity, AC +4, negative energy resistance 1, electricity
resistance, torment resistance 1, petrification resistance
a: Renounce Religion, Berserk, Trog's Hand


You were on level 6 of the Dungeon.
You worshipped Trog.
Trog was pleased with you.
You visited 1 branch of the dungeon, and saw 6 of its levels.

You collected 206 gold pieces.

Inventory:

Hand Weapons
 a - a +0 mace
 t - the +3 hand axe of Tartarus {flame, rF+ Int-2 SInv}
   (You found it on level 3 of the Dungeon)

   It burns those it strikes, dealing additional fire damage.
   Big, fiery blades are also staple armaments of hydra-hunters.
   Int:       It affects your intelligence (-2).
   rF:        It protects you from fire.
   SInv:      It lets you see invisible.
 v - a +1 flail (weapon)
 x - a +0 whip
Missiles
 u - 4 throwing nets (quivered)
Armour
 b - a +0 animal skin
 q - a +0 plate armour
 r - a +0 ring mail (worn)
 s - a +0 chain mail
Jewellery
 D - an amulet of guardian spirit
Wands
 B - a wand of polymorph (9)
 F - a wand of quicksilver (8)
Scrolls
 c - 4 scrolls of identify
 e - a scroll of magic mapping
 i - a scroll of fear {unknown}
 j - a scroll of poison {unknown}
 w - 2 scrolls of amnesia
 y - 2 scrolls of fog {unknown}
 A - a scroll of enchant armour {unknown}
Potions
 g - a potion of ambrosia {unknown}
 l - 2 potions of might {unknown}
 m - a potion of cancellation {unknown}
 n - a potion of resistance {unknown}
 o - a potion of curing {unknown}
 p - a potion of invisibility {unknown}
 z - 4 potions of brilliance {unknown}
 C - 2 potions of berserk rage {unknown}
 E - a potion of heal wounds {unknown}


   Skills:
 - Level 3.2 Fighting
 + Level 8.8 Maces & Flails
 - Level 2.1 Armour
 - Level 1.5 Dodging


You had 6 spell levels left.
You didn't know any spells.
Your spell library was empty.

Dungeon Overview and Level Annotations

Branches:
Dungeon (6/15)
 Temple: D:4-7

Altars:
Fedhas
Okawaru

Shops:
D:5 [


Innate Abilities, Weirdness & Mutations

You are immune to sickness and miasma.
Your stone body is resilient. (AC +4)
You are immune to poison.
You resist negative energy. (rN+)
You are resistant to electric shocks. (rElec)
You are resistant to unholy torment.
You are immune to petrification.


Message History

The bullfrog hits you but does no damage.
As you read the scroll labelled YWERPH PEUTAGG, it crumbles to dust.
It is a scroll of identify.
w - 2 scrolls of amnesia The bullfrog barely misses you.
The bullfrog hits you. The kobold completely misses you.
The kobold throws a stone.
The stone barely misses you. The kobold misses you.
The bullfrog completely misses you.
Unknown command.
As you read the scroll labelled EPAEMEJOLU, it crumbles to dust.
You feel strangely unstable.
It was a scroll of teleportation.
The bullfrog closely misses you. The gnoll closely misses you.
The bullfrog hits you. The kobold attacks as you move away!
The kobold hits you but does no damage.
Your surroundings suddenly seem different.
A gnoll comes into view. It is wielding a +0 spear.
As you read the scroll labelled PON VINGIY, it crumbles to dust.
The creatures around you are filled with an inner flame!
It was a scroll of immolation.
As you read the scroll labelled VAHUIR HODY, it crumbles to dust.
You feel aware of your surroundings.
It was a scroll of magic mapping.
The gnoll hits you but does no damage.
The gnoll hits you from afar with a +0 spear. x2
The gnoll hits you but does no damage.
Okay, then.
As you read the scroll labelled FOWIME ELEAGGA, it crumbles to dust.
You hear a loud clanging noise!
It was a scroll of noise.
You hear a shout!
You hear a croak.
You hear a shout! x3
The gnoll barely misses you. The gnoll closely misses you.
As you read the scroll labelled IPOYBYU KEEDU, it crumbles to dust.
It is a scroll of enchant weapon.
Your +0 flail glows red for a moment.
The gnoll hits you but does no damage. x2
The gnoll hits you with a +0 flail.
The gnoll hits you from afar with a +0 spear.
* * * LOW HITPOINT WARNING * * *
The kobold hits you but does no damage. The gnoll hits you with a +0 flail!
* * * LOW HITPOINT WARNING * * *
The gnoll hits you from afar with a +0 spear.
You die...

,,,,,,**,***,,,*,** *##,..,,,,**,
,,,,,,**,*##+#**,* *...g,,...,*,
,,,,,,**,*#8.8**,*###K#.,,...#,*,
,,,,,,,,*##...##,,,..K..,,.......
***,**,**#......**,#K.#*##.#*#...
*,*,****,8.....8####.####.####...
,,,,,,8*,........#8).......8##...
,,,,,,,,,.......g.g..........#...
,,,,,,,,,......(@Kg.........##...
,,****,,*.......##.#..##K.####...
,,****,8*#8...8##8.###....####...
,,,**,,,,.#...##....##...K#...#..
,,,*,,,,,,##+#............##.....
,,,,,,,,,,*#.#.......#..gg#..#...
,,,,,,,,,,,#.........+.KgY#...<..
,,,*,,,,,,,*,#.......#..KF##.#...
,,**,,,,,,,,,+......###.K.#####..


You could see 3 gnolls and a kobold (inner flame).

Vanquished Creatures
  A water moccasin (D:4)
  A phantom (D:5)
  A necrophage (D:4)
  3 scorpions
  2 hounds
  A gnoll shaman (D:5)
  An iguana (D:5)
  8 gnolls
  3 adders
  An ufetubus (D:5)
  A worm (D:3)
  2 dart slugs
  An orc (D:3)
  3 ball pythons
  7 endoplasms
  13 giant cockroaches
  4 goblins (D:3)
  5 hobgoblins
  4 quokkas
  7 bats
  4 frilled lizards
  7 kobolds
  8 rats
88 creatures vanquished.

Notes
Turn   | Place    | Note
-------+----------+-------------------------------------------
     0 | D:1      | PentaManta the Gargoyle Berserker began the quest for the
                  | Orb.
     0 | D:1      | Reached XP level 1. HP: 14/14 MP: 1/1
   170 | D:1      | Found a faded altar of an unknown god.
   499 | D:1      | Reached XP level 2. HP: 19/19 MP: 2/2
  1386 | D:2      | Reached skill level 4 in Maces & Flails
  1394 | D:2      | Reached XP level 3. HP: 14/23 MP: 3/3
  1425 | D:2      | Reached ** piety under Trog
  1567 | D:2      | Noticed a scorpion
  1576 | D:2      | Killed a scorpion
  1577 | D:2      | Reached skill level 5 in Maces & Flails
  1577 | D:2      | Reached XP level 4. HP: 28/28 MP: 4/4
  2223 | D:3      | Identified the +3 hand axe of Tartarus {flame, rF+ Int-2
                  | SInv}
  2367 | D:3      | Reached XP level 5. HP: 32/32 MP: 5/5
  2466 | D:3      | Reached skill level 6 in Maces & Flails
  3821 | D:4      | Reached XP level 6. HP: 22/37 MP: 6/6
  4265 | D:4      | Reached skill level 7 in Maces & Flails
  4546 | D:4      | Noticed a water moccasin
  4559 | D:4      | Killed a water moccasin
  4560 | D:4      | Reached XP level 7. HP: 41/41 MP: 7/7
  4815 | D:5      | Entered Level 5 of the Dungeon
  4834 | D:5      | Reached skill level 8 in Maces & Flails
  4881 | D:5      | Reached *** piety under Trog
  4982 | D:5      | Found an iron altar of Okawaru.
  5050 | D:5      | Found a blossoming altar of Fedhas.
  5090 | D:5      | Found Peteyh's Antique Armour Shop.
  5706 | D:6      | Slain by a gnoll

Illustrated notes

Levels and vault maps discovered:
D:1:      amcnicky_arrival_double_pillar, layout_loops_corners,
          chequers_ecumenical_altar_simple_redux
D:2:      minmay_roachtagon, layout_loops_corners, moated_statue,
          guppyfry_early_lair_pool
D:3:      layout_loops_corners, minmay_checkerbox
D:4:      layout_loops_ring
D:5:      layout_loops_ring, mainiacjoe_overflow_catch_the_wave, serial_shops,
          nicolae_shop_trees
D:6:      hellmonk_crumbling_castle, layout_basic, kennysheep_generic_room_3,
          uniq_grinder, uniq_eustachio

Skill      XL: |  1  2  3  4  5  6  7 |
---------------+----------------------+-----
Maces & Flails | 4 5 6 7 8 |  8.8
Fighting       | |  3.2
Armour         | |  2.1
Dodging        | |  1.5

Action                   |  1- 3 |  4- 6 |  7- 9 || total
-------------------------+-------+-------+-------++-------
Melee: Mace              |    84 |    43 |       ||   127
       Punch             |     1 |     2 |     1 ||     4
       Whip              |       |   131 |    30 ||   161
       Flail             |       |    35 |    46 ||    81
Invok: Berserk           |       |     4 |     2 ||     6
  Use: Scroll            |       |       |     6 ||     6
Armor: Animal skin       |    38 |     6 |       ||    44
       Ring mail         |       |    61 |    39 ||   100
Dodge: Dodged            |    56 |   110 |    48 ||   214

Table legend: (Time is in decaauts)
 A = Elapsed time spent in this place.
 B = Non-inter-level travel time spent in this place.
 C = Inter-level travel time spent in this place.
 D = Time resting spent in this place.
 E = Time spent auto-exploring this place.
 F = Levels seen in this place.
 G = Mean time per level.
                   A        B        C        D        E       F      G
               +--------+--------+--------+--------+--------+-----+--------+
         Total |   5740 |   5547 |    193 |    296 |   4505 |   6 |  956.7 |
       Dungeon |   5740 |   5547 |    193 |    296 |   4505 |   6 |  956.7 |
               +--------+--------+--------+--------+--------+-----+--------+

Top non-repeatable levels by time:
     D:3: 1557 daAuts
     D:2: 1288 daAuts
     D:4: 1045 daAuts
     D:1: 952 daAuts
     D:5: 674 daAuts
     D:6: 222 daAuts
